 Dungeon Crawl Stone Soup version 0.30.1 (webtiles) character file.

Game seed: 850456983818312081

18136 Graphine the Spry (level 12, -3/66 HPs)
             Began as a Deep Elf Hunter on July 10, 2023.
             Was a Priest of Hepliaklqana.
             Slain by an orc warrior
             ... wielding a +0 dire flail
              (9 damage)
             ... on level 1 of the Orcish Mines.
             The game lasted 00:43:15 (13551 turns).

Graphine the Spry (Deep Elf Hunter)                Turns: 13551, Time: 00:43:15

Health: -3/66      AC: 11    Str:  7    XL:     12   Next: 25%
Magic:  25/27      EV: 24    Int: 17    God:    Hepliaklqana [***...]
Gold:   1245       SH:  0    Dex: 24    Spells: 11/29 levels left

rFire   + . .        a - +3 shortbow
rCold   + . .        (shield currently unavailable)
rNeg    . . .        m - +3 leather armour {rF+}
rPois   .            (no helmet)
rElec   .            B - +0 cloak
rCorr   .            k - +2 pair of gloves
SInv    +            z - +0 pair of boots
Will    +....        x - amulet of the acrobat
Stlth   ++           p - ring of see invisible
HPRegen 0.31/turn    u - ring of protection from cold
MPRegen 0.20/turn

%: acrobat
@: studying Dodging
A: reduced essence, talons 1, agile 1
a: Renounce Religion, Recall Ancestor, Ancestor Identity, Transference


You were on level 1 of the Orcish Mines.
You worshipped Hepliaklqana.
Hepliaklqana was most pleased with you.
You visited 3 branches of the dungeon, and saw 14 of its levels.

You collected 1245 gold pieces.

Inventory:

Hand Weapons
 a - a +3 shortbow (weapon)
 j - a +2 dagger of draining
 F - the +9 quarterstaff of Destiny {elec, rPois Str+8 Int+4 Dex-2}
   (You found it on level 7 of the Dungeon)

   Str:       It affects your strength (+8).
   Int:       It affects your intelligence (+4).
   Dex:       It affects your dexterity (-2).
   rPois:     It protects you from poison.
 I - the +11 spear of Dissatisfaction {heavy, rElec Dex+2}
   (You took it off a spriggan on level 8 of the Dungeon)

   Dex:       It affects your dexterity (+2).
   rElec:     It insulates you from electricity.
Missiles
 l - 2 throwing nets
Armour
 h - a +0 buckler
 k - a +2 pair of gloves (worn)
 m - a +3 leather armour of fire resistance (worn)
 z - a +0 pair of boots (worn)
 B - a +0 cloak (worn)
Magical Staves
 r - a staff of conjuration
Jewellery
 p - a ring of see invisible (left hand)
 u - a ring of protection from cold (right hand)
 x - an amulet of the acrobat (around neck)
 y - an amulet of faith
 C - a +6 ring of dexterity
 H - a ring of flight
 K - a ring of ice
Wands
 c - a wand of polymorph (9)
 n - a wand of quicksilver (21)
 o - a wand of roots (12)
Scrolls
 b - a scroll of immolation
 t - a scroll of teleportation
 D - a scroll of fog
 G - 5 scrolls of amnesia
Potions
 d - 2 potions of flight
 e - 5 potions of might
 g - 2 potions of attraction
 i - 3 potions of berserk rage
 q - a potion of magic
 s - a potion of brilliance {unknown}
 v - 2 potions of lignification
 w - 4 potions of curing
 A - a potion of heal wounds
 J - a potion of haste


   Skills:
 + Level 8.2 Fighting
 - Level 12.0 Ranged Weapons
 + Level 15.0 Dodging
 - Level 1.2 Stealth
 + Level 9.1 Spellcasting
 + Level 8.4 Necromancy
 + Level 6.6 Translocations
 + Level 6.7 Invocations


You had 11 spell levels left.
You knew the following spells:

 Your Spells              Type           Power      Damage    Failure   Level
a - Gell's Gravitas       Tloc           30%        N/A       2%          3
b - Teleport Other        Tloc           30%        N/A       2%          3
c - Vampiric Draining     Necr           36%        2d8       1%          3
d - Agony                 Necr           36%        N/A       12%         5
e - Passage of Golubria   Tloc           30%        N/A       9%          4

Your spell library contained the following spells:

 Spells                   Type           Power      Damage    Failure   Level
 Apportation              Tloc           60%        N/A       1%          1
 Lesser Beckoning         Tloc           60%        N/A       1%          2
 Sublimation of Blood     Necr           36%        N/A       1%          2
 Magic Dart               Conj           28%        1d4       14%         1
 Slow                     Hex            28%        N/A       14%         1
 Call Imp                 Summ           14%        N/A       22%         2
 Wereblood                Tmut           7%         N/A       22%         2
 Anguish                  Hex/Necr       11%        N/A       24%         4
 Confusing Touch          Hex            7%         N/A       38%         3
 Dazzling Flash           Conj/Hex       14%        N/A       38%         3
 Inner Flame              Hex/Fire       7%         N/A       38%         3
 Mephitic Cloud           Conj/Pois/Air  7%         N/A       38%         3
 Cause Fear               Hex            3%         N/A       80%         4
 Flame Wave               Conj/Fire      7%         2d5       80%         4
 Sticky Flame             Conj/Fire      7%         2d3       80%         4
 Summon Ice Beast         Ice/Summ       7%         N/A       80%         4
 Dispersal                Tloc           15%        N/A       80%         6
 Alistair's Intoxication  Tmut/Pois      4%         N/A       98%         5
 Metabolic Englaciation   Hex/Ice        3%         N/A       98%         5
 Silence                  Hex/Air        3%         N/A       98%         5
 Summon Mana Viper        Hex/Summ       7%         N/A       98%         5
 Enfeeble                 Hex            3%         N/A       100%        7
 Monstrous Menagerie      Summ           3%         N/A       100%        7
 Summon Hydra             Summ           3%         N/A       100%        7
 Lehudib's Crystal Spear  Conj/Erth      3%         10d3      100%        8
 Chain Lightning          Conj/Air       3%         3d4       100%        9
 Fire Storm               Conj/Fire      3%         8d1       100%        9
 Shatter                  Erth           3%         3d7*      100%        9


Dungeon Overview and Level Annotations

Branches:
Dungeon (11/15)            Temple (1/1) D:4            Lair (0/5) D:11
    Orc (2/2) D:9             Elf (0/3) Orc:2

Altars:
Ashenzari
Cheibriados
Dithmenos
Elyvilon
Fedhas
Gozag
Hepliaklqana
Kikubaaqudgha
Makhleb
Nemelex Xobeh
Okawaru
Qazlal
Ru
Sif Muna
Trog
Uskayaw
Vehumet
Wu Jian
Xom
Yredelemnul
Zin
The Shining One

Shops:
D:10 [[[   D:11 [   Orc:2 *

Annotations:
D:10 Snorg


Innate Abilities, Weirdness & Mutations

Your life essence is reduced to manifest your ancestor. (-10% HP)
You have sharp toenails.
You are agile. (Dex +4, Str/Int -1)


Message History

Teicuih hits the orc warrior with a +0 flail.
The orc warrior attacks as you move away!
The orc warrior completely misses you.
Teicuih blocks the orc warrior's attack.
The orc warrior attacks as you move away!
The orc warrior completely misses you.
Teicuih hits the orc warrior with a +0 flail!
Something hits Teicuih but does no damage.
The orc warrior hits Teicuih but does no damage.
There is a stone staircase leading up here.
The orc warrior hits Teicuih with a +0 mace!
The orc warrior closely misses you. x2
Teicuih hits the orc warrior but does no damage.
You climb upwards.
There is a stone staircase leading down here.
Teicuih is recalled.
The orc warrior hits you with a +0 battleaxe!
* * * LOW HITPOINT WARNING * * *
Teicuih blocks the orc warrior's attack.
The orc warrior misses you.
You swap places.
The orc warrior completely misses you.
The orc warrior misses Teicuih.
Teicuih blocks the orc warrior's attack.
Teicuih completely misses the orc warrior.
Fire: a) +3 shortbow
Press: ? - help, Q - select action, (/) - cycle Shift-Dir - straight line, f - orc warrior
Aim: an orc warrior, wielding a +0 battleaxe and wearing a +0 plate armour (severely wounded, ally target, 74% to hit)
You shoot an arrow. The arrow hits the orc warrior!
The orc warrior is almost dead.
The orc warrior closely misses you.
Fire: a) +3 shortbow
Press: ? - help, Q - select action, (/) - cycle Shift-Dir - straight line, f/p - orc warrior
Aim: an orc warrior, wielding a +0 battleaxe and wearing a +0 plate armour (almost dead, ally target, 74% to hit)
You shoot an arrow.
The arrow hits the orc warrior but does no damage.
The orc warrior is almost dead.
The orc warrior misses you.
The orc warrior hits Teicuih with a +0 battleaxe.
The orc warrior hits you with a +0 dire flail!
You die...

### ### ##.####.##
#...##...# #######
##....#..###.....#
##.......#......#
##.....#......_..##
##.#....#..........##
#...................#
##..#...o@..........##
#.......Ro.........##
#.......>.........## ###
##.................##
##.####..#...............#
#...#........<..#...#.#.##
#....................####
##........#....)....##
##..............#.##


You could see the friendly Teicuih the knight and 2 orc warriors.

Vanquished Creatures
  Fannar (D:10)
  A hydra (D:11)
  Erolcha (D:9)
  Erica (D:9)
  2 two-headed ogres
  A boulder beetle (D:11)
  An orc high priest (Orc:2)
  The ghost of H0rd4k the Sneak, a novice OpAr of Gozag (D:8)
  Pikel (D:7)
  3 orc knights (Orc:2)
  Maurice (D:9)
  Joseph (D:8)
  An unseen horror zombie (D:8)
  2 trolls (Orc:1)
  A slime creature (D:11)
  A shadow (D:11)
  2 spriggans (D:8)
  11 yaks
  4 vampire mosquitoes (D:10)
  A warg (Orc:2)
  A water moccasin (D:7)
  17 orc warriors
  A sky beast (D:6)
  2 ice beasts (D:7)
  A black bear (D:8)
  An ogre (D:4)
  3 lemures (D:7)
  2 phantoms
  A gnoll sergeant (D:9)
  3 scorpions
  A wight (D:6)
  3 killer bees (D:9)
  4 howler monkeys
  A lava snake (D:9)
  A centaur zombie (D:8)
  5 hounds
  20 orc priests
  A jelly (D:4)
  3 gnoll boudas
  Jessica (D:3)
  A sleepcap (D:6)
  Ijyb (D:5)
  Natasha (thrice) (D:3)
  15 orc wizards
  2 killer bee zombies (D:8)
  A mummy (D:9)
  A howler monkey zombie (D:8)
  Robin (D:3)
  10 gnolls
  6 adders
  A shadow imp (D:5)
  3 white imps
  3 dart slugs
  74 orcs
  6 endoplasms
  3 giant cockroaches
  14 goblins
  6 hobgoblins
  9 kobolds
  2 quokkas
  8 ball pythons
  2 bats
  7 frilled lizards
  6 rats
295 creatures vanquished.

Vanquished Creatures (collateral kills)
  A shadow (D:11)
  2 yaks (D:9)
  2 vampire mosquitoes (D:10)
  Edmund (D:5)
  A water moccasin (D:8)
  7 orc warriors
  A sky beast (D:8)
  2 wights (D:6)
  2 killer bees (D:9)
  A howler monkey (D:10)
  3 centaur zombies (D:8)
  6 orc priests
  2 orc wizards
  7 gnolls
  An adder (D:6)
  An ufetubus (D:6)
  10 orcs
50 creatures vanquished.

Vanquished Creatures (others)
  An ancestor (D:5)
  12 knights
13 creatures vanquished.

Grand Total: 358 creatures vanquished

Notes
Turn   | Place    | Note
-------+----------+-------------------------------------------
     0 | D:1      | Graphine the Deep Elf Hunter began the quest for the Orb.
     0 | D:1      | Reached XP level 1. HP: 12/12 MP: 3/3
   127 | D:1      | Reached XP level 2. HP: 17/17 MP: 4/4
   705 | D:2      | Reached skill level 3 in Dodging
   753 | D:2      | Reached XP level 3. HP: 21/21 MP: 5/5
   841 | D:2      | Found a glowing silver altar of Zin.
  1357 | D:3      | Noticed Jessica
  1365 | D:3      | Killed Jessica
  1366 | D:3      | Reached XP level 4. HP: 26/26 MP: 6/6
  1405 | D:3      | Noticed Natasha
  1410 | D:3      | Killed Natasha
  1514 | D:3      | Noticed Natasha
  1526 | D:3      | Killed Natasha
  1701 | D:3      | Noticed Natasha
  1708 | D:3      | Killed Natasha
  1709 | D:3      | Reached XP level 5. HP: 31/31 MP: 7/7
  1753 | D:3      | Noticed Robin
  1759 | D:3      | Killed Robin
  1760 | D:3      | Reached skill level 4 in Dodging
  2282 | D:3      | Identified a scroll of acquirement
  2282 | D:3      | Acquired a manual of Dodging
  2296 | D:4      | Found an opulent altar of Gozag.
  2329 | D:4      | Found a blossoming altar of Fedhas.
  2377 | D:4      | Reached XP level 6. HP: 33/36 MP: 8/8
  2488 | D:4      | Found a staircase to the Ecumenical Temple.
  2522 | Temple   | Entered the Ecumenical Temple
  2552 | Temple   | Became a worshipper of Hepliaklqana the Forgotten
  2617 | D:4      | Reached skill level 5 in Dodging
  2714 | D:4      | Reached XP level 7. HP: 41/41 MP: 9/9
  3004 | D:5      | Entered Level 5 of the Dungeon
  3004 | D:5      | Noticed Ijyb
  3015 | D:5      | Killed Ijyb
  3021 | D:5      | Got Sif Muna's Textbook on the Inferno and Execration
  3062 | D:5      | Reached skill level 6 in Dodging
  3212 | D:5      | Noticed Edmund
  3264 | D:5      | Gained mutation: You are agile. (Dex +4, Str/Int -1)
                  | [potion of mutation]
  3264 | D:5      | Gained mutation: You have sharp toenails. [potion of
                  | mutation]
  3411 | D:5      | Reached * piety under Hepliaklqana
  3580 | D:5      | Killed Edmund
  3581 | D:5      | Reached skill level 7 in Dodging
  4111 | D:5      | Reached skill level 10 in Ranged Weapons
  4202 | D:6      | Reached XP level 8. HP: 43/43 MP: 10/10
  4369 | D:6      | Reached ** piety under Hepliaklqana
  4370 | D:6      | Remembered your ancestor Teicuih as a knight
  4451 | D:6      | Reached skill level 8 in Dodging
  5804 | D:7      | Identified the +9 quarterstaff of Destiny {elec, rPois
                  | Str+8 Int+4 Dex-2}
  6051 | D:7      | Reached skill level 9 in Dodging
  6235 | D:7      | Noticed Pikel
  6445 | D:7      | Killed Pikel
  6446 | D:7      | Reached skill level 5 in Fighting
  6446 | D:7      | Reached XP level 9. HP: 33/48 MP: 11/11
  6532 | D:7      | Reached skill level 10 in Dodging
  6544 | D:7      | Reached *** piety under Hepliaklqana
  6545 | D:7      | Found a hide-covered altar of Uskayaw.
  6692 | D:7      | Found a sacrificial altar of Ru.
  6727 | D:7      | Reached skill level 1 in Spellcasting
  6727 | D:7      | Reached skill level 1 in Necromancy
  6986 | D:8      | Noticed Joseph
  6996 | D:8      | Killed Joseph
  7073 | D:8      | Reached skill level 11 in Dodging
  7197 | D:8      | Found a basalt altar of Yredelemnul.
  7210 | D:8      | Reached skill level 1 in Translocations
  7210 | D:8      | Reached skill level 1 in Invocations
  7503 | D:8      | Reached XP level 10. HP: 54/54 MP: 18/18
  7643 | D:8      | Found a runed translucent door.
  7646 | D:8      | Noticed H0rd4k's ghost (novice OpAr)
  7647 | D:8      | Identified the +11 spear of Dissatisfaction {heavy, rElec
                  | Dex+2}
  7659 | D:8      | Killed H0rd4k's ghost
  7660 | D:8      | Reached skill level 12 in Dodging
  7660 | D:8      | Reached skill level 5 in Spellcasting
  7998 | D:9      | Found a glowing golden altar of the Shining One.
  7998 | D:9      | Found an ancient bone altar of Kikubaaqudgha.
  8068 | D:9      | Reached skill level 5 in Necromancy
  8112 | D:9      | Learned a level 3 spell: Gell's Gravitas
  8116 | D:9      | Learned a level 3 spell: Teleport Other
  8120 | D:9      | Learned a level 3 spell: Vampiric Draining
  8155 | D:9      | Found a staircase to the Orcish Mines.
  8174 | D:9      | Found a glowing silver altar of Zin.
  8174 | D:9      | Noticed an angel
  8295 | D:9      | Found a snail-covered altar of Cheibriados.
  8352 | D:9      | Noticed Erolcha
  8355 | D:9      | Noticed a two-headed ogre
  8359 | D:9      | Killed Erolcha
  8376 | D:9      | Killed a two-headed ogre
  8377 | D:9      | Reached skill level 13 in Dodging
  8453 | D:9      | Noticed Maurice
  8467 | D:9      | Killed Maurice
  8468 | D:9      | Reached XP level 11. HP: 34/60 MP: 20/23
  8678 | D:9      | Noticed Erica
  8686 | D:9      | Killed Erica
  8871 | D:9      | Learned a level 5 spell: Agony
  8876 | D:9      | Learned a level 4 spell: Passage of Golubria
  8877 | D:10     | Entered Level 10 of the Dungeon
  8943 | D:10     | Reached **** piety under Hepliaklqana
  8951 | D:10     | Noticed Fannar
  8976 | D:10     | Killed Fannar
  8977 | D:10     | Reached skill level 5 in Invocations
  9176 | D:10     | Identified the +3 war axe of Fofer {antimagic, rN+ Str+2}
  9347 | D:10     | Noticed Snorg
  9375 | D:10     | Found Cach's Antique Armour Shoppe.
  9376 | D:10     | Found Deasott's Armour Shoppe.
  9376 | D:10     | Found Kitweego's Armour Shoppe.
  9438 | D:10     | Reached skill level 5 in Translocations
 10289 | D:11     | Noticed a two-headed ogre
 10289 | D:11     | Noticed an eight-headed hydra
 10292 | D:11     | Killed a two-headed ogre
 10292 | D:11     | Killed an eight-headed hydra
 10293 | D:11     | Reached skill level 14 in Dodging
 10503 | D:11     | Found a staircase to the Lair.
 10730 | D:11     | Noticed a boulder beetle
 10779 | D:11     | Killed a boulder beetle
 11135 | Orc:1    | Entered Level 1 of the Orcish Mines
 11167 | Orc:1    | HP: 4/91 [orc warrior/+0 trident (7)]
 11457 | Orc:2    | Entered Level 2 of the Orcish Mines
 11747 | Orc:2    | Found a staircase to the Elven Halls.
 12135 | Orc:2    | Found Atid's Gadget Gallery.
 12256 | Orc:2    | Noticed an orc knight
 12285 | Orc:2    | Killed an orc knight
 12286 | Orc:2    | Reached XP level 12. HP: 65/65 MP: 24/26
 12979 | Orc:2    | Noticed an orc high priest
 12990 | Orc:2    | Killed an orc high priest
 13443 | Orc:2    | Reached skill level 15 in Dodging
 13479 | Orc:2    | Noticed an orc high priest
 13551 | Orc:1    | Slain by an orc warrior

Illustrated notes

Levels and vault maps discovered:
D:1:      heliophobic_arrival_enchanted_forest, layout_rooms,
          nicolae_eternal_life, minmay_stone_trees_small, minmay_hexomino_p4
D:2:      layout_rooms, basic_altar, serial_aquarium, aquarium_bridge_square
          [aquarium_subvault_window, aquarium_subvault_wall,
          aquarium_subvault_balcony, aquarium_subvault_bridge],
          aquarium_bridge_long_separate [aquarium_subvault_balcony,
          aquarium_subvault_wall, aquarium_subvault_bridge,
          aquarium_subvault_window, aquarium_subvault_bridge,
          aquarium_subvault_balcony], aquarium_window_corridor_2,
          aquarium_window_1, aquarium_window_fake, aquarium_window_fake,
          aquarium_view_2e, aquarium_view_2d, aquarium_pool_corner,
          guppyfry_early_lair_pool
D:3:      layout_basic, minmay_quantized, uniq_jessica, uniq_robin, uniq_natasha
D:4:      layout_loops_cross, general_overflow_altar,
          lemuel_coloured_pillars_altar, minmay_temple_entry_waves
D:5:      layout_cave_pods, uniq_ijyb, uniq_edmund
D:6:      layout_layer_cave, minmay_misc_feat_roman
D:7:      layout_layer_cave, nicolae_ru_path_of_blood,
          mainiacjoe_overflow_tiny_flanked, uniq_pikel
D:8:      layout_basic, nicolae_yredelemnul_corpse_copse,
          ebering_ghost_funeral_grove, uniq_joseph
D:9:      layout_basic, zin_angel, slow_altar_1, nicolae_overflow_two_pavilions,
          david_orc_5, uniq_erica, uniq_maurice, uniq_erolcha
D:10:     layout_irregular_city, nicolae_shop_distant_corner_stores, uniq_snorg,
          uniq_fannar
D:11:     layout_basic, lair_entry_dummy, minivault_25_ag, minmay_microvault
Temple:   nicolae_temple_ecumenical_triangle
Orc:1:    layout_caves, basic_altar
Orc:2:    st_orc_pillars, layout_diamond_mine, nicolae_shop_gadgets

Skill      XL: |  1  2  3  4  5  6  7  8  9 10 11 12 |
---------------+-------------------------------------+-----
Ranged Weapons | 6 7 8 10 12 | 12.0
Fighting       | 2 3 4 5 6 7 8 |  8.2
Dodging        | 3 4 5 7 9 11 13 14 15 | 15.0
Spellcasting   | 4 6 8 9 |  9.1
Necromancy     | 4 6 8 |  8.4
Translocations | 1 4 6 |  6.6
Invocations    | 1 4 6 |  6.7
Stealth        | |  1.2

Action                     |  1- 3 |  4- 6 |  7- 9 | 10-12 || total
---------------------------+-------+-------+-------+-------++-------
  Melee: Shortbow          |       |       |     6 |       ||     6
         Dagger            |       |       |     2 |       ||     2
         Kick              |       |       |     1 |       ||     1
   Fire: Shortbow          |    95 |   136 |   349 |   584 ||  1164
 Invoke: Ancestor Life: Kn |       |       |     1 |       ||     1
         Transference      |       |       |       |    12 ||    12
         Idealise          |       |       |       |     1 ||     1
         Recall Ancestor   |       |       |       |     1 ||     1
  Evoke: Wand              |       |       |     6 |     4 ||    10
    Use: Scroll            |     5 |     2 |     9 |    15 ||    31
         Potion            |       |       |     6 |     5 ||    11
 Armour: Leather armour    |    19 |    21 |    35 |    14 ||    89
         Skin              |       |       |       |    26 ||    26
  Dodge: Dodged            |    31 |    43 |    93 |   123 ||   290
